 Dungeon Crawl Stone Soup version 0.25-a0-843-g6944ee31a2 (webtiles) character file.

Game seed: 4713859326752442545, levelgen mode: deterministic

559 Ge0ff the Caller (level 7, -2/50 HPs)
             Began as a Human Summoner on Apr 25, 2020.
             Slain by a phantom (9 damage)
             ... on level 5 of the Dungeon.
             The game lasted 00:15:56 (7613 turns).

Ge0ff the Caller (Human Summoner)                   Turns: 7613, Time: 00:15:56

Health: -2/50      AC:  9    Str: 15    XL:     7   Next: 57%
Magic:  9/13       EV: 13    Int: 17    God:
Gold:   115        SH:  0    Dex: 13    Spells: 0/14 levels left

rFire    . . .     SeeInvis +   a - +0 spear {don't train}
rCold    . . .     Gourm    .   (no shield)
rNeg     . . .     Faith    .   W - +5 robe of Night {Dark MR+ SInv}
rPois    .         Spirit   .   (no helmet)
rElec    .         Reflect  .   K - +0 cloak
rCorr    .         Harm     .   (no gloves)
MR       +....                  U - +0 pair of boots
Stlth    ++........             (no amulet)
HPRegen  0.16/turn              G - +6 ring of strength
MPRegen  0.13/turn              (no ring)

@: lethally poisoned (-2 -> -2)
A: no striking features
a: no special abilities


You were on level 5 of the Dungeon.
You were hungry.

You visited 1 branch of the dungeon, and saw 5 of its levels.

You collected 215 gold pieces.
You spent 100 gold pieces at shops.

Inventory:

Hand Weapons
 a - a +0 spear (weapon) {don't train}
 b - a +2 dagger of venom {don't train}
 S - a +0 halberd {don't train}
 X - a +0 vampiric dagger {don't train}
 Y - the +4 hand axe "Imepn" {vorpal, rElec MR+ Str-3, don't train}
   (You took it off an orc on level 4 of the Dungeon)

   It inflicts extra damage upon your enemies.
   It affects your strength (-3).
   It insulates you from electricity.
   It affects your resistance to hostile enchantments.
 Z - a +1 falchion of holy wrath
Missiles
 s - 35 arrows
 v - 163 stones (quivered) {don't train}
 O - a throwing net {don't train=f}
 Q - 8 boomerangs {don't train}
 R - 8 silver boomerangs {don't train}
Armour
 K - a +0 cloak (worn)
 M - a +3 ring mail
 N - a +0 leather armour
 U - a +0 pair of boots (worn)
 V - a +0 kite shield
 W - the +5 robe of Night (worn) {Dark MR+ SInv}
   (You took it off an orc on level 4 of the Dungeon)

   It affects your resistance to hostile enchantments.
   It lets you see invisible.
Jewellery
 G - a +6 ring of strength (left hand)
Wands
 c - a wand of clouds (4)
 e - a wand of enslavement (12)
 p - a wand of paralysis (5)
 x - a wand of random effects (22)
Scrolls
 w - a scroll of amnesia
 y - a scroll of fear {unknown}
 A - a scroll of enchant armour {unknown}
 C - 2 scrolls of remove curse
 J - 2 scrolls of enchant weapon {unknown}
 T - 4 scrolls of teleportation
Potions
 z - 3 potions of brilliance
 H - a potion of haste {!q}
 L - a potion of degeneration {unknown}
 P - a potion of heal wounds {unknown}
Comestibles
 r - 6 rations


   Skills:
 - Level 2.0 Fighting
 + Level 2.7 Dodging
 - Level 2.0 Stealth
 + Level 4.2 Spellcasting
 * Level 6.1 Summonings
 * Level 0.4 Ice Magic
 * Level 2.4 Air Magic
 + Level 0.1 Evocations


You couldn't memorise any spells.
You knew the following spells:

 Your Spells              Type           Power        Failure   Level  Hunger
a - Summon Small Mammal   Summ           ###.         1%          1    None
b - Summon Ice Beast      Ice/Summ       ##......     36%         4    ####...
d - Call Canine Familiar  Summ           ###.....     3%          3    ###....
l - Summon Lightning Spi  Summ/Air       ###.....     26%         4    ####...
s - Call Imp              Summ           ###.....     1%          2    ##.....

Your spell library contained the following spells:

 Spells                   Type           Power        Failure   Level  Hunger
 Summon Guardian Golem    Hex/Summ       ##......     13%         3    ###....


Dungeon Overview and Level Annotations

Branches:
Dungeon (5/15)
 Temple: D:4-7

Altars:
Ashenzari
Cheibriados
Gozag
Kikubaaqudgha
Okawaru
Wu Jian

Shops:
D:4 *   D:5 *


Message History

Evoke which item? (* to show all) (? for menu, Esc to quit)
Aiming: Random Effects
Press: ? - help, Shift-Dir - straight line, f/p - phantom
Aim: a phantom (almost destroyed, slightly transparent)
The puff of flame hits the phantom.
The phantom is almost destroyed.
You barely miss the phantom.
The phantom is almost destroyed.
The phantom barely misses you.
You feel sick.
You barely miss the phantom.
The phantom is almost destroyed.
The phantom hits you but does no damage.
You miss the phantom.
The phantom is almost destroyed.
The phantom hits you but does no damage.
You barely miss the phantom.
The phantom is almost destroyed.
You feel sick. The phantom hits you!
You die...

##..## #.
##..## ##.
##...# ##..
##...##
##..#
##...##
##...#
###(...#
###...##
##.....##
##....§#
###....†.#
#.....##
.....@W..#
......# #
............
......###
............
.......5.
############
#########


You could see a phantom (invisible).

Vanquished Creatures
  A bullfrog (D:3)
  A howler monkey (D:3)
  An orc priest (D:4)
  A bullfrog skeleton (D:5)
  Natasha (D:2)
  2 worker ants
  2 gnolls
  A worm (D:5)
  2 dart slugs
  2 leopard geckos
  3 orcs
  2 giant cockroaches (D:3)
  2 goblins
  A hobgoblin (D:1)
  5 jackals (D:2)
  3 kobolds
  A quokka (D:3)
  2 ball pythons (D:2)
  2 bats
  3 frilled lizards
  5 rats
43 creatures vanquished.

Vanquished Creatures (collateral kills)
  An ogre (D:4)
  5 orc wizards
  A gnoll shaman (D:4)
  A worker ant (D:4)
  Natasha (twice) (D:2)
  10 gnolls
  4 adders
  6 worms
  10 orcs
  A ball python (D:3)
  4 giant cockroaches
  5 goblins
  5 hobgoblins
  7 jackals (D:3)
  A ball python zombie (D:1)
  6 bats
  2 frilled lizards
  6 kobolds
  A leopard gecko skeleton (D:5)
  A leopard gecko zombie (D:1)
  A rat (D:3)
80 creatures vanquished.

Grand Total: 123 creatures vanquished

Notes
Turn   | Place    | Note
-------+----------+-------------------------------------------
     0 | D:1      | Ge0ff the Human Summoner began the quest for the Orb.
     0 | D:1      | Reached XP level 1. HP: 13/13 MP: 3/3
   452 | D:1      | Reached XP level 2. HP: 12/20 MP: 1/5
   932 | D:1      | Learned a level 2 spell: Call Imp
  1437 | D:1      | Reached skill level 1 in Fighting
  1909 | D:2      | Reached XP level 3. HP: 4/26 MP: 1/6
  2209 | D:2      | Found a snail-covered altar of Cheibriados.
  2236 | D:2      | Found an iron altar of Okawaru.
  2238 | D:2      | Found a shattered altar of Ashenzari.
  2274 | D:2      | Found an ornate altar of the Wu Jian Council.
  2394 | D:2      | Learned a level 3 spell: Call Canine Familiar
  2535 | D:2      | Noticed Natasha
  2562 | D:2      | Killed Natasha
  2562 | D:2      | Reached XP level 4. HP: 32/32 MP: 2/8
  2708 | D:2      | Noticed Natasha
  2713 | D:2      | Killed Natasha
  2881 | D:2      | Noticed Natasha
  2889 | D:2      | Killed Natasha
  3171 | D:2      | Reached XP level 5. HP: 37/37 MP: 6/9
  3218 | D:2      | Reached skill level 5 in Summonings
  3488 | D:3      | Noticed a bullfrog
  3498 | D:3      | Killed a bullfrog
  4130 | D:3      | Reached XP level 6. HP: 43/43 MP: 8/11
  4140 | D:3      | Learned a level 4 spell: Summon Lightning Spire
  4814 | D:3      | Reached skill level 1 in Air Magic
  5779 | D:4      | Reached XP level 7. HP: 35/48 MP: 9/13
  5993 | D:4      | Found an opulent altar of Gozag.
  6023 | D:4      | Found Gozag's Platinum Reserve.
  6399 | D:4      | Reached skill level 6 in Summonings
  6533 | D:4      | Found an ancient bone altar of Kikubaaqudgha.
  6902 | D:4      | Identified the +4 hand axe "Imepn" {vorpal, rElec MR+
                  | Str-3}
  6902 | D:4      | Paralysed by an orc for 6 turns
  7146 | D:5      | Entered Level 5 of the Dungeon
  7146 | D:5      | Found Hyeradyu's Assorted Antiques.
  7152 | D:5      | Bought a fluorescent wand for 100 gold pieces
  7205 | D:5      | Learned a level 4 spell: Summon Ice Beast
  7613 | D:5      | Slain by a phantom

Levels and vault maps discovered:
D:1:      saegor_arrival_fortress, layout_basic
D:2:      layout_basic, grunt_temple_overflow_cloverleaf, uniq_natasha
D:3:      layout_basic, first_ration
D:4:      layout_basic, marbit_many_paths, nicolae_gozag_zags_fifth_avenue
D:5:      minmay_thick_lines, layout_rooms, serial_shops,
          nicolae_shop_competitors_out_of_business,
          minmay_a_box_with_orc_wizards_in_it

Skill      XL: |  1  2  3  4  5  6  7 |
---------------+----------------------+-----
Fighting       | 1 2 |  2.0
Spellcasting   | 3 4 |  4.2
Summonings     | 5 6 |  6.1
Air Magic      | 1 2 |  2.4
Dodging        | |  2.7
Stealth        | |  2.0
Ice Magic      | |  0.4
Evocations     | |  0.1

Action                   |  1- 3 |  4- 6 |  7- 9 || total
-------------------------+-------+-------+-------++-------
Melee: Unarmed           |    61 |       |       ||    61
       Spear             |    49 |   179 |   135 ||   363
Throw: Stone             |     8 |    11 |     5 ||    24
 Cast: Summon Small Mamm |    20 |       |       ||    20
       Call Imp          |    17 |    47 |    12 ||    76
       Summon Lightning  |       |     2 |     3 ||     5
       Call Canine Famil |       |       |     4 ||     4
Evoke: Wand              |       |       |     3 ||     3
  Use: Scroll            |       |     3 |     3 ||     6
       Potion            |       |       |     4 ||     4
 Stab: Sleeping          |     6 |     4 |     2 ||    12
       Distracted        |     1 |     3 |     1 ||     5
  Eat: Chunk             |     6 |    10 |     3 ||    19
       Ration            |       |     1 |     1 ||     2
Armor: Robe              |    18 |    19 |    28 ||    65
Dodge: Dodged            |    92 |    85 |    72 ||   249

Table legend:
 A = Non-vault XP
 B = Vault XP
 C = Vault XP percentage of total XP
 D = Non-vault monster count
 E = Vault monster count
 F = Vault count percentage of total count
                 A         B        C        D         E       F
            +---------+---------+-------+---------+---------+-------
      Total |     718 |      81 |  10.1 |     115 |       8 |   6.5
            +---------+---------+-------+---------+---------+-------
        D:1 |      21 |       2 |   8.7 |      20 |       2 |   9.1
        D:2 |      96 |      27 |  22.0 |      24 |       1 |   4.0
        D:3 |     278 |       0 |   0.0 |      47 |       0 |   0.0
        D:4 |     279 |       3 |   1.1 |      20 |       1 |   4.8
        D:5 |      44 |      49 |  52.7 |       4 |       4 |  50.0
            +---------+---------+-------+---------+---------+-------
